 Dungeon Crawl Stone Soup version 0.28-a0-834-g1a73be5ee4 (webtiles) character file.

Game seed: 13561570932637206970

136 flotson the Sneak (level 4, 0/37 HPs)
             Began as a Demonspawn Delver on Nov 11, 2021.
             Succumbed to a kobold's poison
             ... on level 2 of the Dungeon.
             The game lasted 00:04:52 (2899 turns).

flotson the Sneak (Demonspawn Delver)               Turns: 2899, Time: 00:04:53

Health: 0/37       AC:  5    Str: 14    XL:     4   Next: 98%
Magic:  4/4        EV: 11    Int: 11    God:
Gold:   69         SH:  0    Dex: 14    Spells: 3/3 levels left

rFire   + . .      SeeInvis .   a - +0 hand axe
rCold   + . .      Faith    .   (no shield)
rNeg    . . .      Spirit   .   e - +0 ring mail
rPois   +          Reflect  .   (no helmet)
rElec   +          Harm     .   (no cloak)
rCorr   +          Rampage  .   (no gloves)
Will    .....                   (no boots)
Stlth   ++........              (no amulet)
HPRegen 0.12/turn               (no ring)
MPRegen 0.09/turn               (no ring)

@: lethally poisoned (0 -> -5), resistant
A: demonic magic 1
a: no special abilities


You were on level 2 of the Dungeon.
You visited 1 branch of the dungeon, and saw 5 of its levels.

You collected 129 gold pieces.
You spent 60 gold pieces at shops.

Inventory:

Hand Weapons
 a - a +0 hand axe (weapon)
Missiles
 d - 11 sling bullets
Armour
 e - a +0 ring mail (worn)
Wands
 g - a wand of digging (1)
Scrolls
 c - a scroll of fog
 f - a scroll of teleportation
 h - a scroll of torment
 i - a scroll of blinking {unknown}
 j - a scroll of amnesia {unknown}


   Skills:
 + Level 3.8 Fighting
 + Level 2.7 Axes
 + Level 1.9 Armour
 + Level 2.7 Dodging
 - Level 4.5 Stealth


You had 3 spell levels left.
You didn't know any spells.
Your spell library contained the following spells:

 Spells                   Type           Power      Damage    Failure   Level
 Summon Guardian Golem    Hex/Summ       0%         N/A       91%         3
 Orb of Destruction       Conj           0%         N/A       100%        7
 Spellforged Servitor     Conj/Summ      0%         N/A       100%        7


Dungeon Overview and Level Annotations

Branches:
Dungeon (5/15)
 Temple: D:4-7

Altars:

Shops:
D:1 *   D:5 :*


Innate Abilities, Weirdness & Mutations

Spells you cast may paralyse adjacent enemies.


Message History

The adder is heavily wounded.
You feel sick.
You are no longer poisoned.
The adder barely misses you. x2
You barely miss the adder.
The adder is heavily wounded.
The adder closely misses you.
You hit the adder.
The adder is severely wounded.
The adder barely misses you.
You miss the adder.
The adder is severely wounded.
The adder bites you but does no damage. The adder misses you.
You closely miss the adder.
The adder is severely wounded.
The adder closely misses you.
You hit the adder.
The adder is almost dead.
The adder barely misses you. x2
You slash the adder!
You kill the adder!
The kobold hits you with a +1 short sword of venom.
* * * LOW HITPOINT WARNING * * *
You are lethally poisoned!
You hit the kobold.
You kill the kobold!
* * * LOW HITPOINT WARNING * * *
You feel very sick.
* * * LOW HITPOINT WARNING * * *
You feel sick.
Items here: )) ††.
It was a potion of resistance.
You feel protected.
* * * LOW HITPOINT WARNING * * *
You feel sick.
There is a lethal amount of poison in your body!
Unknown command.
As you read the scroll of identify, it crumbles to dust.
h - a scroll of torment You die...

####.######.# #.#.#
#.# #.#####.#.# #.#
#.......#.#
####.#########.####.#
...............####.#
........######.#..>.#
#..#..÷.# #.#.####
#..####.# #.#.# #..#
##.# ..#@# ##.#...
..#.# ##.#.##..⌠
⌠...# .....)....
.....# ##.#.#.⌠..
..⌠.# .)....# ..
.....# .†..#...
..⌠.#.# ##....##.
.......# #...... .


There were no monsters in sight!

Vanquished Creatures
  A water moccasin skeleton (D:2)
  3 adders
  2 worms (D:2)
  4 ball pythons
  4 bats
  5 endoplasms
  2 giant cockroaches
  5 goblins
  7 hobgoblins (D:1)
  7 jackals
  2 quokkas
  3 frilled lizards
  4 kobolds
  5 rats
54 creatures vanquished.

Notes
Turn   | Place    | Note
-------+----------+-------------------------------------------
     0 | D:5      | flotson the Demonspawn Delver began the quest for the Orb.
     0 | D:5      | Reached XP level 1. HP: 18/18 MP: 1/1
     5 | D:5      | Noticed a water moccasin
    24 | D:5      | Upgraded the game from 0.28-a0-828-g0121872642 to
                  | 0.28-a0-834-g1a73be5ee4
    41 | D:4      | Noticed a hound
   125 | D:5      | Noticed an iguana
   126 | D:5      | Found Xoir Eck's General Store.
   126 | D:5      | Found Sosoull's Book Emporium.
   167 | D:4      | Noticed an orc wizard
   169 | D:4      | Noticed an orc wizard
   363 | D:3      | Gained mutation: Spells you cast may paralyse adjacent
                  | enemies. [demonic ancestry]
   363 | D:3      | Reached XP level 2. HP: 15/24 MP: 2/2
   743 | D:2      | Reached skill level 1 in Armour
   792 | D:2      | Reached XP level 3. HP: 26/29 MP: 3/3
  1152 | D:1      | Found Pukyssat's General Store.
  1276 | D:1      | Bought a scroll of identify for 24 gold pieces
  1276 | D:1      | Bought a scroll of teleportation for 36 gold pieces
  2592 | D:2      | Reached XP level 4. HP: 35/35 MP: 4/4
  2898 | D:2      | HP: 1/37 [poisoned by a kobold]
  2899 | D:2      | Succumbed to a kobold's poison

Illustrated notes

Levels and vault maps discovered:
D:1:      amcnicky_arrival_wind_blow, layout_basic, serial_shops, shop,
          minmay_tripent
D:2:      layout_loops_ring, grunt_ministairs_2
D:3:      layout_loops_ring
D:4:      kennysheep_kobold_camp, layout_basic, overflow_temple_1_default,
          mainiacjoe_overflow_big_doors
D:5:      layout_basic, lemuel_doored_altar,
          mainiacjoe_overflow_concentric_impassable, serial_shops,
          nicolae_shop_stone, nicolae_specific_store, hangedman_decor_growths,
          nicolae_shop_overcharged_wands

Skill      XL: |  1  2 |
---------------+-------+-----
Axes           | 2 |  2.7
Dodging        | 2 |  2.7
Armour         | 1 |  1.9
Fighting       | |  3.8
Stealth        | |  4.5

Action                   |  1- 3 |  4- 6 || total
-------------------------+-------+-------++-------
Melee: Hand axe          |   137 |    42 ||   179
Evoke: Wand              |     2 |       ||     2
  Use: Scroll            |     2 |     1 ||     3
       Potion            |     1 |     1 ||     2
 Stab: Sleeping          |    13 |       ||    13
Armor: Leather armour    |    19 |       ||    19
       Ring mail         |    21 |    11 ||    32
Dodge: Dodged            |    77 |    29 ||   106

Table legend: (Time is in decaauts)
 A = Elapsed time spent in this place.
 B = Non-inter-level travel time spent in this place.
 C = Inter-level travel time spent in this place.
 D = Time resting spent in this place.
 E = Time spent auto-exploring this place.
 F = Levels seen in this place.
 G = Mean time per level.
                   A        B        C        D        E       F      G
               +--------+--------+--------+--------+--------+-----+--------+
         Total |   2914 |   2859 |     55 |      0 |   2311 |   5 |  582.8 |
       Dungeon |   2914 |   2859 |     55 |      0 |   2311 |   5 |  582.8 |
               +--------+--------+--------+--------+--------+-----+--------+

Top non-repeatable levels by time:
     D:1: 1363 daAuts
     D:2: 1000 daAuts
     D:3: 383 daAuts
     D:5: 139 daAuts
     D:4: 28 daAuts
